 Dungeon Crawl Stone Soup version 0.26-a0-966-gd078a86f14 (webtiles) character file.

Game seed: 11551856205844949055

727 pkoi the Grappler (level 7, 0/57 HPs)
             Began as a Ghoul Monk on Dec 4, 2020.
             Slain by a sky beast (4 damage)
             ... on level 4 of the Dungeon.
             The game lasted 00:04:21 (4090 turns).

pkoi the Grappler (Ghoul Monk)                      Turns: 4090, Time: 00:04:21

Health: 0/57       AC:  2    Str: 17    XL:     7   Next: 72%
Magic:  6/6        EV: 12    Int:  5    God:
Gold:   203        SH:  0    Dex: 11    Spells: 6/6 levels left

rFire    . . .     SeeInvis .     - Unarmed
rCold    + . .     Faith    .   (no shield)
rNeg     + + +     Spirit   .   a - +0 robe
rPois    ∞         Reflect  .   (no helmet)
rElec    .         Harm     .   (no cloak)
rCorr    .         Rampage  .   (no gloves)
MR       .....                  (no boots)
Stlth    ++........             (no amulet)
HPRegen  0.00/turn              b - ring of wizardry
MPRegen  0.10/turn              (no ring)

@: no status effects
A: rotting body, claws 1, cold resistance 1, negative energy resistance 3,
inhibited regeneration, torment resistance, unbreathing
a: no special abilities


You were on level 4 of the Dungeon.
You visited 1 branch of the dungeon, and saw 4 of its levels.

You collected 203 gold pieces.

Inventory:

Missiles
 k - 91 stones (quivered)
Armour
 a - a +0 robe (worn)
Jewellery
 b - a ring of wizardry (left claw)
 p - a cursed ring of attention {unknown}
Scrolls
 e - a scroll of blinking
 g - 3 scrolls of teleportation
Potions
 c - a potion of heal wounds
 m - a potion of attraction
 q - a potion of curing {unknown}
 s - a potion of flight {unknown}
 t - a potion of brilliance {unknown}


   Skills:
 - Level 3.2 Fighting
 - Level 2.6 Dodging
 - Level 2.1 Stealth
 + Level 9.6 Unarmed Combat


You had 6 spell levels left.
You didn't know any spells.
Your spell library was empty.

Dungeon Overview and Level Annotations

Branches:
Dungeon (4/15)
 Temple: D:4-7

Altars:
Cheibriados
Sif Muna
Uskayaw
Zin


Innate Abilities, Weirdness & Mutations

Your body is rotting away.
You thrive by killing the living.
You are immune to poison.
You have sharp fingernails.
Your flesh is cold resistant. (rC+)
You are immune to negative energy. (rN+++)
You do not regenerate when monsters are visible.
You are immune to unholy pain and torment.
You can survive without breathing.


Message History

You start resting.
A sky beast comes into view.
The sky beast flickers out of sight!
Deactivating autopickup; reactivate with Ctrl-A.
A sky beast appears from thin air!
Reactivating autopickup.
You start resting.
A sky beast is nearby!
The sky beast hits you.
* * * LOW HITPOINT WARNING * * *
The sky beast shocks you.
* * * LOW HITPOINT WARNING * * *
You barely miss the sky beast.
The sky beast flickers out of sight!
Deactivating autopickup; reactivate with Ctrl-A.
Something hits you.
* * * LOW HITPOINT WARNING * * *
Something shocks you.
* * * LOW HITPOINT WARNING * * *
You miss something. Something hits you.
You die...

#.........# *,,,*,* #.........#
*****,* #.........# *,*****
#.........# *,,,,,, #.........#
******* #.........# #######
*#..>...)..######.....##
#.........Y...#...#..8.##
*#.....######..#@.###....#
,...##.*≈≈≈≈#..{..#.#..8.#
,..,*#.*≈,_≈#..>#.#_'....####****
,.,,*#,*≈>,≈#...#.#.#..8..#..,,,*
,,,,**,*≈≈≈≈#...#)###.......#**,*
,,,,,,,****+#...#..#..8.###.# *,*
,,,,*,,,,,,,....##.....## #.# *,*
,,,,******,#.....#...### #.# *,,
,,,,* *,#.#####..## #.# ***


There were no monsters in sight!

Vanquished Creatures
  Grinder (D:3)
  A phantom (D:3)
  An ogre (D:4)
  Blork the orc (D:4)
  A hound (D:4)
  Terence (D:3)
  Natasha (thrice) (D:3)
  A gnoll (D:1)
  5 adders
  3 oozes
  2 worms
  3 dart slugs
  2 leopard geckos (D:1)
  4 orcs
  2 ball pythons
  A giant cockroach (D:3)
  10 goblins
  9 hobgoblins
  6 jackals
  5 kobolds
  13 bats
  5 frilled lizards
  8 rats
88 creatures vanquished.

Notes
Turn   | Place    | Note
-------+----------+-------------------------------------------
     0 | D:1      | pkoi the Ghoul Monk began the quest for the Orb.
     0 | D:1      | Reached XP level 1. HP: 19/19 MP: 0/0
   282 | D:1      | Reached skill level 4 in Unarmed Combat
   282 | D:1      | Reached XP level 2. HP: 26/26 MP: 1/1
   603 | D:1      | Reached XP level 3. HP: 8/31 MP: 2/2
  1154 | D:1      | Reached skill level 5 in Unarmed Combat
  1557 | D:2      | Reached XP level 4. HP: 30/38 MP: 3/3
  2236 | D:2      | Found a snail-covered altar of Cheibriados.
  2479 | D:3      | Reached skill level 6 in Unarmed Combat
  2514 | D:3      | Found a faded altar of an unknown god.
  2578 | D:3      | Noticed a phantom
  2622 | D:3      | Reached XP level 5. HP: 45/45 MP: 4/4
  2647 | D:3      | Killed a phantom
  2648 | D:3      | Reached skill level 7 in Unarmed Combat
  2731 | D:3      | Noticed Terence
  2738 | D:3      | Killed Terence
  2739 | D:3      | Reached XP level 6. HP: 49/51 MP: 5/5
  2797 | D:3      | Found a hide-covered altar of Uskayaw.
  2993 | D:3      | Noticed Natasha
  3006 | D:3      | Killed Natasha
  3092 | D:3      | Noticed Natasha
  3100 | D:3      | Killed Natasha
  3127 | D:3      | Noticed Natasha
  3141 | D:3      | Killed Natasha
  3285 | D:3      | Noticed Grinder
  3299 | D:3      | Killed Grinder
  3300 | D:3      | Reached skill level 8 in Unarmed Combat
  3300 | D:3      | Reached XP level 7. HP: 18/57 MP: 6/6
  3786 | D:3      | Found a shimmering blue altar of Sif Muna.
  3895 | D:4      | Reached skill level 9 in Unarmed Combat
  3908 | D:4      | Noticed Blork the orc
  3943 | D:4      | Killed Blork the orc
  4006 | D:4      | Found a glowing silver altar of Zin.
  4090 | D:4      | Slain by a sky beast

Illustrated notes

Levels and vault maps discovered:
D:1:      scummos_arrival_star, layout_rooms, serial_bayou_pond_d
D:2:      layout_basic, kennysheep_slug_shrine
D:3:      layout_loops_ring, lemuel_crystal_altar, led_sif_pool,
          chequers_ecumenical_altar_simple_redux, uniq_grinder, uniq_terence,
          uniq_natasha
D:4:      layout_basic, ashenzari_conservatory_becter, zin_statuary,
          nicolae_qazlal_general_emergency, general_overflow_altar,
          serial_shops, kennysheep_mini, shop, shop, nicolae_shop_behind_doors,
          uniq_blork_the_orc, uniq_robin

Skill      XL: |  1  2  3  4  5  6  7 |
---------------+----------------------+-----
Unarmed Combat | 4 5 6 7 8 9 |  9.6
Fighting       | |  3.2
Dodging        | |  2.6
Stealth        | |  2.1

Action                   |  1- 3 |  4- 6 |  7- 9 || total
-------------------------+-------+-------+-------++-------
Melee: Unarmed           |   141 |   132 |    44 ||   317
       Punch             |     1 |     2 |     1 ||     4
  Use: Scroll            |       |       |    11 ||    11
       Potion            |       |       |     2 ||     2
 Stab: Sleeping          |     2 |     3 |       ||     5
       Distracted        |       |     1 |       ||     1
Armor: Robe              |    18 |    22 |     4 ||    44
Dodge: Dodged            |    89 |    65 |    31 ||   185

Table legend: (Time is in decaauts)
 A = Elapsed time spent in this place.
 B = Non-inter-level travel time spent in this place.
 C = Inter-level travel time spent in this place.
 D = Time resting spent in this place.
 E = Time spent auto-exploring this place.
 F = Levels seen in this place.
 G = Mean time per level.
                   A        B        C        D        E       F      G
               +--------+--------+--------+--------+--------+-----+--------+
         Total |   4058 |   3982 |     76 |   1516 |   1705 |   4 | 1014.5 |
       Dungeon |   4058 |   3982 |     76 |   1516 |   1705 |   4 | 1014.5 |
               +--------+--------+--------+--------+--------+-----+--------+

Top non-repeatable levels by time:
     D:1: 1392 daAuts
     D:3: 1351 daAuts
     D:2: 1059 daAuts
     D:4: 254 daAuts
